Description

My n00b attempt @ the staircase

no gas allowed in this step

Build Order

Get SALT Encoding   

  12  0:01  SCV  
  13  0:12  SCV  
  14  0:18  Supply Depot  
  14  0:24  SCV  
  15  0:40  Barracks  
  15  0:42  SCV  
  16  0:55  SCV  
  17  1:07  SCV  
  18  1:16  Command Center  
  18  1:17  SCV  
  19  1:27  Marine  
  20  1:30  Orbital Command  
  20  1:34  Supply Depot  
  20  1:42  Marine  
  21  1:56  SCV  
  22  2:00  Barracks  
  22  2:01  Barracks  
  22  2:04  Marine  
  23  2:08  SCV  
  24  2:15  Bunker  
Spawning Tool Build Advisor. Get it on Overwolf

Go to:

Details

  • Created by: death__by__pony
  • Published on: Oct 10, 2016
  • Modified on: Oct 10, 2016
  • Patch: Pre-3.8.0
Show
View Real Time Build Order
Export as new Build Order

Comments (0)

There are no comments. Be the first!

Create an account to comment!